Map: Abyssal Reef LE

Players

Scarlett

  • Race: Zerg Zerg
  • League: Master
  • Spawn Location: 5:00

SpeCial - Winner!

  • Race: Terran Terran
  • League: Master
  • Spawn Location: 11:00

VOD

Have the link to the VOD?

Description

Time

  • Played on: Dec. 24, 2017, 10:19 p.m.
  • Length: 5:12
Show
View Real Time Build Order
Export as new Build Order

Scarlett Zerg 

Build Orders: Hatch First 

Get SALT Encoding   

  12  0:00  Drone  
  13  0:12  Overlord  
  13  0:17  Drone  
  14  0:31  Drone x2  
  14  0:35  Drone  
  17  0:52  Hatchery  
  17  0:55  Drone  
  17  0:57  Drone  
  18  1:09  Extractor  
  17  1:13  Spawning Pool  
  17  1:16  Drone  
  17  1:19  Drone  
  18  1:28  Drone  
  19  1:40  Overlord  
  19  1:52  Drone  
  20  2:00  Queen  
  22  2:04  Zergling x2  
  22  2:05  Queen  
  22  2:06  Zergling x2  
  26  2:08  Metabolic Boost  
  26  2:12  Drone  
  27  2:17  Drone  
  28  2:24  Drone  
  28  2:26  Drone  
  30  2:36  Drone x2  
  31  2:44  Drone  
  31  2:47  Queen  
  31  2:49  Overlord  
  34  2:52  Lair  
  34  2:55  Extractor  
  34  2:56  Drone  
  34  2:57  Drone  
  35  3:08  Drone x2  
  35  3:12  Drone  
  38  3:13  Drone x2  
  38  3:14  Drone x2  
  38  3:19  Drone  
  43  3:20  Overlord  
  43  3:30  Extractor, Zergling x2  
  43  3:38  Drone x3, Queen  
  48  3:42  Drone  
  48  3:47  Drone  
  48  3:48  Drone  
  51  3:51  Spire  
  50  3:57  Overlord  
  50  3:58  Drone  
  51  4:10  Extractor  
  51  4:12  Drone  
  51  4:15  Overlord  
  51  4:17  Zergling x2  
  51  4:18  Zergling x6  
  51  4:21  Zergling x4  
  51  4:23  Hatchery, Overlord  
Show
View Real Time Build Order
Export as new Build Order

SpeCial Terran - Winner!

Build Orders: Liberator Opening 

Get SALT Encoding   

  12  0:00  SCV  
  13  0:13  SCV  
  14  0:17  Supply Depot  
  14  0:25  SCV  
  15  0:31  Refinery  
  15  0:39  SCV  
  16  0:45  Barracks  
  16  0:51  SCV  
  17  1:03  SCV  
  18  1:15  SCV  
  20  1:33  Reaper, Orbital Command  
  20  1:44  Command Center  
  20  1:54  Factory  
  20  1:59  SCV  
  21  2:09  Supply Depot, Barracks Reactor  
  21  2:11  SCV  
  22  2:16  Refinery  
  22  2:23  SCV  
  23  2:35  SCV  
  24  2:46  Starport  
  24  2:52  Hellion x2  
  24  2:54  Marine  
  24  2:56  Orbital Command  
  29  3:04  Armory  
  29  3:14  Hellion  
  29  3:16  Hellion  
  29  3:18  Marine  
  34  3:26  Medivac  
  36  3:36  Hellion  
  36  3:37  Hellion  
  36  3:39  Marine, Liberator  
  41  3:43  Supply Depot  
  41  3:48  SCV x2  
  45  4:05  Hellion x2  
  45  4:07  Supply Depot  
  45  4:09  Barracks Tech Lab  
  49  4:14  SCV x2  
  51  4:26  SCV x2  
  53  4:40  Hellion x2  
  53  4:41  SCV  
  53  4:45  SCV  
  55  4:53  SCV  
  55  4:57  SCV  
Tags
 
Add a new tag
Caveats
  • Supply blocks, unpowered buildings, or Contaminate may cause inaccurate times.
  • Supply counts are checked every 10 seconds.